 Dungeon Crawl Stone Soup version 0.27-a0-1137-g3ef0f4ec91 (webtiles) character file.

Game seed: 13366764562261900840

403 siradein the Chopper (level 6, -2/44 HPs)
             Began as a Demonspawn Gladiator on May 6, 2021.
             Slain by a water moccasin skeleton (6 damage)
             ... on level 5 of the Dungeon.
             The game lasted 00:11:51 (4593 turns).

siradein the Chopper (Demonspawn Gladiator)         Turns: 4593, Time: 00:11:51

Health: -2/44      AC:  7    Str: 16    XL:     6   Next: 55%
Magic:  6/6        EV:  9    Int:  9    God:
Gold:   17         SH:  7    Dex: 15    Spells: 5/5 levels left

rFire    . . .     SeeInvis .   a - +0 war axe
rCold    . . .     Faith    .   q - +0 kite shield {reflect}
rNeg     . . .     Spirit   .   b - +0 leather armour
rPois    .         Reflect  +   c - +0 helmet
rElec    .         Harm     .   (no cloak)
rCorr    .         Rampage  .   (no gloves)
Will     +....                  r - +0 pair of boots
Stlth    +.........             (no amulet)
HPRegen  0.14/turn              p - ring of willpower
MPRegen  0.10/turn              (no ring)

@: no status effects
A: slimy green scales 1, ignite blood 1, demonic magic 1
a: no special abilities


You were on level 5 of the Dungeon.
You visited 1 branch of the dungeon, and saw 5 of its levels.

You collected 197 gold pieces.
You spent 180 gold pieces at shops.

Inventory:

Hand Weapons
 a - a +0 war axe (weapon)
Missiles
 d - 3 throwing nets (quivered)
 o - 4 javelins
Armour
 b - a +0 leather armour (worn)
 c - a +0 helmet (worn)
 q - a +0 kite shield of reflection (worn)
 r - a +0 pair of boots (worn)
Jewellery
 p - a ring of willpower (left hand)
Wands
 j - a wand of acid (3)
Scrolls
 e - 2 scrolls of fear
 f - 2 scrolls of identify
 g - 5 scrolls of noise {unknown}
 k - 5 scrolls of teleportation {unknown}
 m - a scroll of acquirement {unknown}
 s - a scroll of magic mapping {unknown}
Potions
 h - a potion of attraction
 i - a potion of ambrosia
 l - a potion of might
 n - a potion of cancellation


   Skills:
 - Level 2.0 Fighting
 + Level 6.8 Axes
 - Level 1.7 Throwing
 - Level 2.6 Dodging


You had 5 spell levels left.
You didn't know any spells.
Your spell library contained the following spells:

 Spells                   Type           Power      Damage    Failure   Level
 Foxfire                  Conj/Fire      0%         2x1d4     98%         1
 Conjure Flame            Conj/Fire      0%         6-21      100%        3
 Inner Flame              Hex/Fire       0%         N/A       100%        3
 Sticky Flame             Conj/Fire      0%         2d3       100%        4
 Fireball                 Conj/Fire      0%         3d3       100%        5


Dungeon Overview and Level Annotations

Branches:
Dungeon (5/15)
 Temple: D:4-7

Altars:
Fedhas
Sif Muna

Shops:
D:4 **


Innate Abilities, Weirdness & Mutations

You are partially covered in slimy green scales. (AC +2)
Your demonic aura sometimes causes spilled blood to erupt in flames.
Spells you cast may paralyse adjacent enemies.


Message History

You hit the iguana.
The iguana is severely wounded.
The iguana bites you.
You are too injured to fight recklessly!
You are too injured to fight recklessly!
You barely miss the iguana.
The iguana is severely wounded.
The iguana bites you.
The iguana bites you but does no damage.
You hit the iguana.
The iguana is severely wounded.
The iguana closely misses you.
You hit the iguana.
The iguana is severely wounded.
The iguana bites you!
* * * LOW HITPOINT WARNING * * *
The iguana bites you but does no damage.
You barely miss the iguana.
The iguana is severely wounded.
The iguana barely misses you.
You closely miss the iguana.
The iguana is severely wounded.
The iguana closely misses you.
The iguana bites you but does no damage.
You hit the iguana.
You kill the iguana!
You hit the water moccasin skeleton.
The water moccasin skeleton is lightly damaged.
The water moccasin skeleton bites you but does no damage.
You block the water moccasin skeleton's attack.
You slash the water moccasin skeleton!
The water moccasin skeleton is moderately damaged.
The water moccasin skeleton bites you.
* * * LOW HITPOINT WARNING * * *
You block the water moccasin skeleton's attack.
You block the water moccasin skeleton's attack.
You slash the water moccasin skeleton!
The water moccasin skeleton is heavily damaged.
The water moccasin skeleton bites you.
You die...

# ###########.#####
#####................
#.(..@Z..###########.
#.######.# #.# ≈≈≈#.#
##.#≈_>≈#.# #
#..#≈..≈#.# .#
#..'≈≈≈≈#.##.#
..####..######....#
........[.........+
.##########..#....#


You could see a water moccasin skeleton.

Vanquished Creatures
  An ogre (D:5)
  A bullfrog skeleton (D:3)
  2 hounds (D:4)
  An orc wizard (D:4)
  2 iguanas
  A hound skeleton (D:4)
  3 adders
  An adder skeleton (D:5)
  2 worms
  9 orcs
  6 bats
  4 endoplasms
  3 giant cockroaches
  7 goblins
  13 hobgoblins
  4 jackals (D:5)
  3 kobolds
  3 quokkas
  10 ball pythons
  5 frilled lizards
  6 rats
87 creatures vanquished.

Notes
Turn   | Place    | Note
-------+----------+-------------------------------------------
     0 | D:1      | siradein the Demonspawn Gladiator began the quest for the
                  | Orb.
     0 | D:1      | Reached XP level 1. HP: 16/16 MP: 1/1
   252 | D:1      | Reached skill level 3 in Axes
   542 | D:1      | Gained mutation: You are partially covered in slimy green
                  | scales. (AC +2) [demonic ancestry]
   542 | D:1      | Reached XP level 2. HP: 13/22 MP: 2/2
  1100 | D:1      | Gained mutation: Spells you cast may paralyse adjacent
                  | enemies. [demonic ancestry]
  1100 | D:1      | Reached XP level 3. HP: 27/27 MP: 3/3
  1416 | D:2      | Reached skill level 4 in Axes
  1516 | D:2      | You fall into a shaft and drop 2 floors!
  1536 | D:4      | Found a blossoming altar of Fedhas.
  1561 | D:4      | HP: 1/27 [iguana (13)]
  1577 | D:3      | Noticed an ice beast
  2358 | D:3      | Reached XP level 4. HP: 4/33 MP: 4/4
  2876 | D:3      | Reached skill level 5 in Axes
  2979 | D:3      | Gained mutation: Your demonic aura sometimes causes spilled
                  | blood to erupt in flames. [demonic ancestry]
  2979 | D:3      | Reached XP level 5. HP: 37/38 MP: 5/5
  3516 | D:4      | Reached skill level 6 in Axes
  3708 | D:4      | Found Moufu's Assorted Antiques.
  3716 | D:4      | Bought a shiny kite shield for 180 gold pieces
  3723 | D:4      | Found Demuceg's Assorted Antiques.
  3897 | D:4      | Reached XP level 6. HP: 41/44 MP: 6/6
  4175 | D:5      | Entered Level 5 of the Dungeon
  4554 | D:5      | Found a shimmering blue altar of Sif Muna.
  4593 | D:5      | Slain by a water moccasin skeleton

Illustrated notes

Levels and vault maps discovered:
D:1:      amcnicky_arrival_blooded_trapdoor, layout_basic
D:2:      layout_rooms
D:3:      layout_loops_ring
D:4:      layout_cave_pools, kennysheep_mini, serial_shops, shop, shop
D:5:      layout_basic, general_overflow_altar, uniq_pikel, uniq_edmund

Skill      XL: |  1  2  3  4  5 |
---------------+----------------+-----
Axes           | 3 4 5 6 |  6.8
Fighting       | |  2.0
Throwing       | |  1.7
Dodging        | |  2.6

Action                   |  1- 3 |  4- 6 || total
-------------------------+-------+-------++-------
Melee: War axe           |   122 |   116 ||   238
  Use: Scroll            |       |     4 ||     4
 Stab: Sleeping          |     1 |       ||     1
Armor: Leather armour    |    49 |    40 ||    89
Dodge: Dodged            |    85 |    56 ||   141
Block: Kite shield       |       |    26 ||    26

Table legend: (Time is in decaauts)
 A = Elapsed time spent in this place.
 B = Non-inter-level travel time spent in this place.
 C = Inter-level travel time spent in this place.
 D = Time resting spent in this place.
 E = Time spent auto-exploring this place.
 F = Levels seen in this place.
 G = Mean time per level.
                   A        B        C        D        E       F      G
               +--------+--------+--------+--------+--------+-----+--------+
         Total |   4673 |   4613 |     60 |    955 |   2810 |   5 |  934.6 |
       Dungeon |   4673 |   4613 |     60 |    955 |   2810 |   5 |  934.6 |
               +--------+--------+--------+--------+--------+-----+--------+

Top non-repeatable levels by time:
     D:1: 1356 daAuts
     D:2: 1216 daAuts
     D:4: 1024 daAuts
     D:3: 825 daAuts
     D:5: 250 daAuts
